 Dungeon Sprint DCSS version 0.28-a0-851-g8b9cc49659 (webtiles) character file.

Game seed: 3205830590834634550

14098 mhtbhm the Tortoise (level 11, -3/115 HPs)
             Began as a Minotaur Fighter on Nov 14, 2021.
             Was the Champion of Okawaru.
             Slain by an orc high priest (16 damage)
             ... in the Dungeon (Sprint IX: "|||||||||||||||||||||||||||||").
             The game lasted 00:04:49 (3038 turns).

mhtbhm the Tortoise (Minotaur Fighter)              Turns: 3038, Time: 00:04:50

Health: -3/115     AC: 21    Str: 28    XL:     11   Next: 84%
Magic:  18/18      EV: 12    Int:  5    God:    Okawaru [******]
Gold:   1284       SH:  8    Dex: 15    Spells: 10/10 levels left

rFire   + . .      SeeInvis .   a - +2 eveningstar (venom)
rCold   + . .      Faith    .   c - +0 buckler
rNeg    . . .      Spirit   .   b - +2 plate armour {rC+}
rPois   .          Reflect  .   (helmet restricted)
rElec   .          Harm     .   (no cloak)
rCorr   .          Rampage  .   m - +0 pair of gloves
Will    .....      NoTele   +   (no boots)
Stlth   ..........              (no amulet)
HPRegen 0.29/turn               l - ring "Memacs" {rF+ Str+4 Dex+5}
MPRegen 0.16/turn               o - +2 ring of evasion

@: no status effects
A: horns 2, retaliatory headbutt
a: Renounce Religion, Heroism, Finesse


You were in the Dungeon.
You worshipped Okawaru.
Okawaru was exalted by your worship.
You visited 1 branch You collected 1284 gold pieces.

Inventory:

Hand Weapons
 a - a +2 eveningstar of venom (weapon)
Missiles
 r - 4 curare-tipped darts (quivered)
Armour
 b - a +2 plate armour of cold resistance (worn)
 c - a +0 buckler (worn)
 m - a +0 pair of gloves (worn)
Jewellery
 l - the ring "Memacs" (left hand) {rF+ Str+4 Dex+5}
   (You found it in the Dungeon)

   [ring of protection from fire]

   Str:       It affects your strength (+4).
   Dex:       It affects your dexterity (+5).
   rF:        It protects you from fire.
 o - a +2 ring of evasion (right hand)
Wands
 s - a wand of acid (6)
Scrolls
 j - a scroll of blinking
 k - 2 scrolls of amnesia
 n - 2 scrolls of enchant weapon
 p - 2 scrolls of fog
 q - 4 scrolls of enchant armour
Potions
 d - a potion of might
 e - 3 potions of curing
 f - 6 potions of heal wounds
 g - a potion of haste
 h - 4 potions of magic
 i - a potion of invisibility
 t - a potion of lignification {unknown}


   Skills:
 + Level 16.5 Fighting
 + Level 16.9 Maces & Flails
 + Level 17.9 Armour
 + Level 4.7 Dodging
 - Level 0.1 Stealth
 + Level 14.9 Shields
 * Level 11.4 Invocations
 + Level 4.5 Evocations


You had 10 spell levels left.
You didn't know any spells.
Your spell library was empty.

Dungeon Overview and Level Annotations

Branches:
Dungeon (1/1)

Altars:
Cheibriados
Dithmenos
Elyvilon
Fedhas
Gozag
Hepliaklqana
Kikubaaqudgha
Makhleb
Nemelex Xobeh
Okawaru
Qazlal
Ru
Sif Muna
Trog
Uskayaw
Vehumet
Wu Jian
Xom
Yredelemnul
Zin
The Shining One
Beogh
Jiyva
Lugonu

Shops:
D ?


Innate Abilities, Weirdness & Mutations

You have a pair of horns on your head.
You reflexively headbutt those who attack you in melee.


Message History

You headbutt the orc knight, but do no damage.
The orc knight is moderately wounded.
Unknown command.
You hit the orc knight.
The orc knight looks as sick as possible!
The orc knight is moderately wounded.
The orc high priest hits you but does no damage.
You block the orc knight's attack.
Unknown command.
You barely miss the orc knight. Your headbutt misses the orc knight.
The orc knight is moderately wounded.
The orc high priest prays to Beogh.
The orc high priest calls down the wrath of Beogh upon you.
Beogh smites you! The orc knight closely misses you.
Unknown command.
You barely miss the orc knight.
The orc knight is moderately wounded.
The orc high priest mumbles some strange prayers to Beogh.
The orc high priest invokes the aid of Beogh against you.
Beogh smites you!
You hit the orc knight but do no damage.
The orc knight looks as sick as possible!
Your headbutt misses the orc knight.
The orc knight is moderately wounded.
The orc knight hits you with a +0 great mace!!
Unknown command.
You impale the orc knight!! Your headbutt misses the orc knight.
The orc knight is severely wounded.
The orc high priest mumbles some strange prayers to Beogh.
The orc knight hits you with a +0 great mace!!!
* * * LOW HITPOINT WARNING * * *
Unknown command.
You impale the orc knight!!
You kill the orc knight!
Okawaru is honoured by your kill. The smoke demon gestures at you.
Beogh smites you!
* * * LOW HITPOINT WARNING * * *
The orc high priest hits you from afar with a +0 glaive!
You die...

▓_▓.▓.▓.▓)▓
▓_▓.▓.▓.▓)▓
▓_▓.▓.▓.▓)▓
▓_▓.▓†▓)▓.▓
▓_▓.▓.▓.▓.▓
▓_▓.▓.▓.▓.▓
▓_▓.▓)▓.▓.▓
▓_▓.▓†▓.▓.▓
▓_▓.▓.▓.▓@▓
▓'▓.▓'▓)▓)▓
▓.▓.▓.▓.▓o▓
▓.▓.▓.▓.▓o▓
▓)▓.▓.▓.▓3▓
▓.▓.▓.▓.▓o▓
▓[▓.▓.▓.▓4▓
▓.▓.▓.▓.▓3▓
▓[▓.▓.▓.▓


You could see an orc knight (strong), 2 orc high priests, a rust devil
(summoned), a smoke demon (summoned) and a ynoxinul (summoned).

Vanquished Creatures
  Josephine (D)
  A boulder beetle (D)
  2 hydras (D)
  A centaur warrior (D)
  Erolcha (D)
  Sonja (D)
  4 orc knights (D)
  A cyclops (D)
  8 elephants (D)
  3 cane toads (D)
  An unseen horror (D)
  2 rime drakes (D)
  2 trolls (D)
  A polar bear (D)
  A slime creature (D)
  4 wraiths (D)
  3 yaks (D)
  A steam dragon (D)
  3 water moccasins (D)
  13 orc warriors (D)
  2 wolves (D)
  2 bullfrogs (D)
  A killer bee (D)
  An iguana (D)
  6 orc wizards (D)
  An adder (D)
  An adder zombie (D)
  An adder skeleton (D)
  A dart slug (D)
  7 orcs (D)
  A bat (D)
  2 endoplasms (D)
  A jackal (D)
  A kobold (D)
  A ball python zombie (D)
83 creatures vanquished.

Notes
Turn   | Place    | Note
-------+----------+-------------------------------------------
     0 | D        | mhtbhm the Minotaur Fighter began the quest for the Orb.
     0 | D        | Reached XP level 1. HP: 19/19 MP: 0/0
    11 | D        | Reached skill level 4 in Armour
   113 | D        | Noticed an iguana
   116 | D        | Killed an iguana
   117 | D        | Reached skill level 5 in Fighting
   117 | D        | Reached skill level 5 in Armour
   117 | D        | Reached skill level 5 in Shields
   117 | D        | Reached XP level 2. HP: 29/29 MP: 1/1
   117 | D        | Reached XP level 3. HP: 36/36 MP: 2/2
   131 | D        | Reached skill level 6 in Armour
   140 | D        | Found a snail-covered altar of Cheibriados.
   140 | D        | Found a shadowy altar of Dithmenos.
   140 | D        | Found a white marble altar of Elyvilon.
   140 | D        | Found a blossoming altar of Fedhas.
   140 | D        | Found an opulent altar of Gozag.
   141 | D        | Found a hazy altar of Hepliaklqana.
   142 | D        | Found a viscous altar of Jiyva.
   143 | D        | Found an ancient bone altar of Kikubaaqudgha.
   144 | D        | Found a corrupted altar of Lugonu.
   145 | D        | Found a burning altar of Makhleb.
   146 | D        | Found a sparkling altar of Nemelex Xobeh.
   147 | D        | Found an iron altar of Okawaru.
   148 | D        | Found a stormy altar of Qazlal.
   149 | D        | Found a sacrificial altar of Ru.
   150 | D        | Found a shimmering blue altar of Sif Muna.
   151 | D        | Found a bloodstained altar of Trog.
   152 | D        | Found a hide-covered altar of Uskayaw.
   153 | D        | Found a radiant altar of Vehumet.
   154 | D        | Found an ornate altar of the Wu Jian Council.
   155 | D        | Became a worshipper of Warmaster Okawaru
   156 | D        | Found a shimmering altar of Xom.
   157 | D        | Found a basalt altar of Yredelemnul.
   158 | D        | Found a glowing silver altar of Zin.
   159 | D        | Found a glowing golden altar of the Shining One.
   210 | D        | Noticed an orc warrior
   210 | D        | Noticed a killer bee
   210 | D        | Noticed a troll
   210 | D        | Noticed a steam dragon
   220 | D        | Killed an orc warrior
   221 | D        | Reached skill level 7 in Armour
   221 | D        | Reached XP level 4. HP: 22/47 MP: 3/3
   221 | D        | Reached XP level 5. HP: 24/52 MP: 4/4
   223 | D        | Reached skill level 5 in Maces & Flails
   223 | D        | Reached skill level 8 in Armour
   227 | D        | Killed an unseen horror
   227 | D        | Reached * piety under Okawaru
   228 | D        | Reached skill level 10 in Armour
   228 | D        | Reached skill level 1 in Evocations
   228 | D        | Reached XP level 6. HP: 18/66 MP: 5/5
   231 | D        | Killed a troll
   232 | D        | Reached skill level 10 in Fighting
   232 | D        | Reached skill level 11 in Armour
   232 | D        | Reached skill level 10 in Shields
   232 | D        | Reached XP level 7. HP: 18/73 MP: 6/6
   238 | D        | Killed a steam dragon
   238 | D        | Reached ** piety under Okawaru
   239 | D        | Reached skill level 12 in Armour
   505 | D        | Noticed a boulder beetle
   505 | D        | Noticed a cyclops
   505 | D        | Noticed a centaur warrior
   505 | D        | Noticed a slime creature
   505 | D        | Noticed a troll
   514 | D        | Killed a slime creature
   515 | D        | Reached XP level 8. HP: 13/82 MP: 7/7
   516 | D        | Killed a cyclops
   517 | D        | Reached skill level 13 in Armour
   517 | D        | Reached skill level 1 in Dodging
   519 | D        | Killed a centaur warrior
   519 | D        | Reached *** piety under Okawaru
   519 | D        | Killed a troll
   519 | D        | Reached **** piety under Okawaru
   520 | D        | Reached skill level 14 in Armour
   520 | D        | Reached XP level 9. HP: 20/91 MP: 7/11
   826 | D        | Killed a boulder beetle
   827 | D        | Reached skill level 10 in Maces & Flails
   827 | D        | Reached skill level 15 in Armour
   827 | D        | Reached skill level 5 in Invocations
  1224 | D        | Got the ring "Memacs" {rF+ Str+4 Dex+5}
  1243 | D        | Noticed a cane toad
  1258 | D        | Noticed a rime drake
  1268 | D        | Reached ***** piety under Okawaru
  1274 | D        | Killed a cane toad
  1292 | D        | Killed a rime drake
  1293 | D        | Reached XP level 10. HP: 40/101 MP: 14/14
  1537 | D        | Noticed a cane toad
  1537 | D        | Noticed a four-headed hydra
  1540 | D        | Received a gift from Okawaru
  1546 | D        | Noticed an eight-headed hydra
  1547 | D        | Reached skill level 16 in Armour
  1555 | D        | Noticed a cane toad
  1556 | D        | Killed a four-headed hydra
  1556 | D        | Identified the +6 dagger of Okawaru's Castigation {vorpal,
                  | *Noise *Slow rF+++ rCorr} (Okawaru gifted it to you in the
                  | Dungeon)
  1556 | D        | Received a gift from Okawaru
  1792 | D        | Killed a cane toad
  1799 | D        | Killed an eight-headed hydra
  1814 | D        | Killed a cane toad
  1987 | D        | Noticed an elephant
  1987 | D        | Noticed an elephant
  1987 | D        | Noticed an elephant
  1987 | D        | Noticed an elephant
  1987 | D        | Noticed an elephant
  1987 | D        | Noticed an elephant
  1995 | D        | Noticed an elephant
  1997 | D        | Killed an elephant
  2008 | D        | Killed an elephant
  2019 | D        | Killed an elephant
  2026 | D        | Killed an elephant
  2026 | D        | Received a gift from Okawaru
  2026 | D        | Noticed an elephant
  2027 | D        | Reached XP level 11. HP: 76/111 MP: 15/17
  2034 | D        | Reached skill level 17 in Armour
  2041 | D        | Reached skill level 15 in Fighting
  2060 | D        | Reached skill level 15 in Maces & Flails
  2332 | D        | Noticed Sonja
  2342 | D        | Killed Sonja
  2343 | D        | Reached skill level 10 in Invocations
  2344 | D        | Noticed Erolcha
  2353 | D        | Killed Erolcha
  2568 | D        | Noticed Josephine
  2580 | D        | Killed Josephine
  2682 | D        | Reached ****** piety under Okawaru
  2727 | D        | Noticed an orc knight
  2734 | D        | Received a gift from Okawaru
  2739 | D        | Killed an orc knight
  3021 | D        | Found Botte's Magic Scroll Emporium.
  3021 | D        | Noticed an orc knight
  3021 | D        | Noticed an orc knight
  3021 | D        | Noticed an orc knight
  3021 | D        | Noticed an orc high priest
  3021 | D        | Noticed an orc knight
  3024 | D        | Killed an orc knight
  3025 | D        | Noticed an orc high priest
  3030 | D        | Killed an orc knight
  3038 | D        | Killed an orc knight
  3038 | D        | Slain by an orc high priest

Illustrated notes

Levels and vault maps discovered:
D:        linesprint [early_d, line_temple, items_1, d_10, items_2, lair_1,
          lair_end, items_3, orc_1, orc_end, items_4, d_15, swamp_1, shoals_1,
          snake_1, spider_1, d_20, vaults_1, items_5, swamp_end, shoals_end,
          snake_end, spider_end, vaults_end, d_27, items_6, zot_1, zot_end,
          crypt_end, forest_end, elf_end, slime_end, tomb_end, abyss_end,
          pan_hell_end]

Skill      XL: |  1  2  3  4  5  6  7  8  9 10 11 |
---------------+----------------------------------+-----
Fighting       | 5 7 9 10 11 12 13 14 16 | 16.5
Armour         | 5 7 10 11 12 14 15 16 17 | 17.9
Shields        | 5 7 9 10 11 12 13 14 | 14.9
Maces & Flails | 3 4 6 7 8 9 11 14 16 | 16.9
Evocations     | 1 2 3 4 |  4.5
Dodging        | 1 2 4 |  4.7
Invocations    | 4 7 9 11 | 11.4
Stealth        | |  0.1

Action                   |  1- 3 |  4- 6 |  7- 9 | 10-12 || total
-------------------------+-------+-------+-------+-------++-------
Melee: Flail             |    34 |     6 |    75 |   110 ||   225
       Headbutt          |     7 |       |    19 |    92 ||   118
       Eveningstar       |       |       |       |   107 ||   107
Evoke: Wand              |       |     3 |     7 |       ||    10
  Use: Potion            |     1 |     1 |     6 |       ||     8
       Scroll            |       |       |       |     1 ||     1
Armor: Scale mail        |    11 |       |       |       ||    11
       Chain mail        |       |     9 |    23 |    76 ||   108
       Plate armour      |       |       |       |     2 ||     2
Dodge: Dodged            |    13 |     1 |    25 |    93 ||   132
Block: Buckler           |     5 |     3 |    14 |    58 ||    80

Table legend: (Time is in decaauts)
 A = Elapsed time spent in this place.
 B = Non-inter-level travel time spent in this place.
 C = Inter-level travel time spent in this place.
 D = Time resting spent in this place.
 E = Time spent auto-exploring this place.
 F = Levels seen in this place.
 G = Mean time per level.
                   A        B        C        D        E       F      G
               +--------+--------+--------+--------+--------+-----+--------+
         Total |   2986 |   2986 |      0 |   1670 |    587 |   1 | 2986.0 |
       Dungeon |   2986 |   2986 |      0 |   1670 |    587 |   1 | 2986.0 |
               +--------+--------+--------+--------+--------+-----+--------+

Top non-repeatable levels by time:
       D: 2986 daAuts
